 Dungeon Crawl Stone Soup version 0.29.0-5-ge4962eb29e (webtiles) character file.

Game seed: 2212276629466318735

10743 Plasmagod the Warrior (level 11, -2/114 HPs)
             Began as a Minotaur Monk on Aug 28, 2022.
             Was an Initiate of Gozag.
             Succumbed to Sonja's curare-tipped dart
             ... while paralysed by Sonja
             ... on level 11 of the Dungeon.
             The game lasted 00:33:13 (12777 turns).

Plasmagod the Warrior (Minotaur Monk)              Turns: 12777, Time: 00:33:13

Health: -2/114     AC: 17    Str: 19    XL:     11   Next: 40%
Magic:  10/10      EV:  2    Int:  7    God:    Gozag
Gold:   1005       SH:  0    Dex: 14    Spells: 10/10 levels left

rFire   . . .      SeeInvis .   u - +5 lochaber axe {reach-cleave, poleaxe}
rCold   . . .      Faith    .   (shield currently unavailable)
rNeg    . . .      Spirit   .   l - +0 chain mail
rPois   .          Reflect  .   (helmet restricted)
rElec   .          Harm     .   y - +0 cloak
rCorr   .          Rampage  .   h - +1 pair of gloves
Will    +....                   I - +0 pair of boots
Stlth   ..........              (no amulet)
HPRegen 0.29/turn               q - ring of willpower
MPRegen 0.12/turn               E - +4 ring of protection

@: paralysed, lethally poisoned (-2 -> -31), slowed
A: horns 2, retaliatory headbutt
a: Renounce Religion, Potion Petition, Call Merchant, Bribe Branch


You were on level 11 of the Dungeon.
You worshipped Gozag.
Gozag was most pleased with you.
You visited 1 branch of the dungeon, and saw 11 of its levels.

You collected 2323 gold pieces.
You spent 1272 gold pieces at shops.
You paid 46 gold pieces to Gozag.

Inventory:

Hand Weapons
 a - a +0 hand axe
 p - a +3 flail of draining
 u - the +5 lochaber axe (weapon) {reach-cleave, poleaxe}
   (You bought it in a shop on level 1 of the Dungeon)

   It can be evoked to extend its reach, and strikes at all foes within reach,
   dealing less damage to those not targeted.
   It uses either Axes or Polearms skill, whichever is higher.
Armour
 h - a +1 pair of gloves (worn)
 l - a +0 chain mail (worn)
 y - a +0 cloak (worn)
 I - a +0 pair of boots (worn)
Jewellery
 q - a ring of willpower (left hand)
 B - a ring of protection from cold
 E - a +4 ring of protection (right hand)
Wands
 k - a wand of light (17)
 v - a wand of polymorph (3)
 D - a wand of flame (9)
 G - a wand of iceblast (12)
Scrolls
 d - a scroll of vulnerability
 e - 4 scrolls of amnesia
 m - 9 scrolls of identify
 n - a scroll of poison
 o - 5 scrolls of enchant weapon
 r - 3 scrolls of teleportation
 t - a scroll of butterflies
 w - 3 scrolls of enchant armour
 A - a scroll of noise
 F - 7 scrolls of magic mapping
 J - a scroll of immolation {unknown}
Potions
 b - 2 potions of berserk rage
 c - a potion of ambrosia
 f - 5 potions of attraction
 g - 7 potions of curing
 i - 2 potions of lignification
 j - 2 potions of haste
 s - a potion of magic
 x - 2 potions of mutation
 z - 3 potions of might
 C - 4 potions of resistance
 H - 2 potions of brilliance


   Skills:
 - Level 16.0 Fighting
 - Level 13.4(14.0) Axes
 - Level 6.2(10.7) Maces & Flails
 + Level 2.0 Armour
 - Level 3.2 Dodging
 - Level 1.5 Stealth


You had 10 spell levels left.
You didn't know any spells.
Your spell library contained the following spells:

 Spells                   Type           Power      Damage    Failure   Level
 Dispel Undead            Necr           0%         3d6       100%        4
 Death Channel            Necr           0%         N/A       100%        6
 Corpse Rot               Necr/Pois/Air  Unusable   N/A       N/A         4

Dungeon Overview and Level Annotations

Branches:
Dungeon (11/15)            Temple (0/1) D:7            Lair (0/5) D:10
    Orc: D:9-12

Altars:
Fedhas
Gozag
Makhleb
Ru
Sif Muna
Vehumet
Zin

Shops:
D:1 (((=   D:2 ?   D:3 [?!

Annotations:
D:11 exclusion: obsidian statue, Sonja


Innate Abilities, Weirdness & Mutations

You have a pair of horns on your head.
You reflexively headbutt those who attack you in melee.


Message History

Sonja closely misses you. Sonja barely misses you.
Sonja hits you but does no damage.
You are more poisoned.
You barely miss Sonja.
You feel extremely sick. Sonja closely misses you.
Sonja hits you but does no damage.
You are more poisoned.
Sonja hits you but does no damage.
You are more poisoned.
Sonja hits you but does no damage.
You are more poisoned.
Sonja closely misses you. Sonja hits you but does no damage.
You are more poisoned.
Sonja zaps a wand.
You resist with almost no effort.
You completely miss Sonja.
You feel extremely sick.
Sonja zaps a wand.
You resist with almost no effort. Sonja hits you but does no damage.
You are more poisoned.
Sonja completely misses you.
Sonja hits you with a +2 dagger of venom.
You are more poisoned.
Sonja casts a spell.
Sonja blinks!
You feel extremely sick.
Sonja zaps a wand.
You suddenly lose the ability to move!
The now-empty wand crumbles to dust.
You feel extremely sick.
Sonja twirls her cape.
Sonja throws a curare-tipped dart.
The curare-tipped dart hits you.
You are lethally poisoned!
You have difficulty breathing.
* * * LOW HITPOINT WARNING * * *
You feel as though you will be slow longer.
* * * LOW HITPOINT WARNING * * *
You feel extremely sick.
* * * LOW HITPOINT WARNING * * *
You feel extremely sick.
You die...
Your body crumbles into a pile of gold.

.##### #.
......
#.###.#..# .
#.##.....#..
#...........
#.##K.....(#
#.......#
#.#...#.#
#<.@....#
#.#####.# #.#
#.# #.# ...##
#.# #(...#
#.##......
#.........
##........
####..#......


You could see Sonja.

Vanquished Creatures
  5 two-headed ogres
  A cyclops (D:11)
  An unseen horror (D:11)
  A troll (D:11)
  Grinder (D:6)
  Sigmund (D:5)
  Eustachio (D:5)
  4 wyverns
  2 steam dragons
  Menkaure (D:5)
  3 wargs (D:10)
  2 water moccasins
  Duvessa (D:7)
  3 ice beasts
  3 black bears
  3 orc warriors
  An ogre (D:5)
  3 centaurs
  2 phantoms
  3 kobold brigands
  5 necrophages
  3 bullfrogs (D:9)
  3 gnoll sergeants
  2 scorpions
  Dowan (D:7)
  14 killer bees (D:9)
  The ghost of paps the Sneak, a weakling OpDe (D:5)
  2 howler monkeys (D:10)
  A crimson imp (D:8)
  3 bullfrog zombies (D:5)
  2 jellies
  Crazy Yiuf (D:5)
  9 orc priests
  4 hounds
  3 gnoll boudas
  A scorpion zombie (D:5)
  6 iguanas
  12 orc wizards
  Robin (D:3)
  38 gnolls
  9 adders
  An ufetubus (D:6)
  A worm (D:4)
  2 dart slugs
  48 orcs
  6 endoplasms
  2 giant cockroaches
  14 hobgoblins
  2 jackals (D:3)
  13 kobolds
  3 quokkas
  7 ball pythons
  6 bats
  4 frilled lizards
  18 goblins
  7 rats
  A bush (D:5)
298 creatures vanquished.

Vanquished Creatures (others)
  5 fungi (D:2)
  15 plants
20 creatures vanquished.

Grand Total: 318 creatures vanquished

Notes
Turn   | Place    | Note
-------+----------+-------------------------------------------
     0 | D:1      | Plasmagod the Minotaur Monk began the quest for the Orb.
     0 | D:1      | Reached XP level 1. HP: 19/19 MP: 0/0
    42 | D:1      | Found Qolioh's Antique Weapon Boutique.
   230 | D:1      | Reached XP level 2. HP: 14/26 MP: 1/1
   394 | D:1      | Found Reutto's Weapon Shop.
   395 | D:1      | Found Feimoful's Weapon Boutique.
   934 | D:1      | Reached skill level 5 in Axes
  1001 | D:1      | Found Fynwodoa's Jewellery Shop.
  1338 | D:2      | Reached XP level 3. HP: 31/31 MP: 2/2
  1680 | D:2      | Found Cuerapt's Magic Scroll Boutique.
  1709 | D:2      | Found an opulent altar of Gozag.
  1966 | D:2      | Found a faded altar of an unknown god.
  1973 | D:2      | Prayed at the altar of an unknown god.
  1973 | D:2      | Became a worshipper of Sif Muna the Loreminder
  1973 | D:2      | Reached * piety under Sif Muna
  1973 | D:2      | Reached ** piety under Sif Muna
  2044 | D:3      | Reached XP level 4. HP: 38/39 MP: 3/3
  2053 | D:3      | Found Zovibic's Magic Scroll Emporium.
  2124 | D:3      | Reached *** piety under Sif Muna
  2231 | D:2      | Fell from the grace of Sif Muna
  2231 | D:2      | Became a worshipper of Gozag Ym Sagoz the Greedy
  2344 | D:3      | Noticed Robin
  2367 | D:3      | Reached XP level 5. HP: 33/45 MP: 4/4
  2701 | D:3      | Killed Robin
  2840 | D:3      | Found Kuimpac's Antique Armour Boutique.
  2935 | D:3      | Found Yzaxu's Distillery.
  2987 | D:3      | Noticed an ogre
  3053 | D:4      | Reached XP level 6. HP: 51/51 MP: 5/5
  3198 | D:4      | You fall into a shaft and drop 3 floors!
  3220 | D:6      | Reached skill level 1 in Maces & Flails
  3251 | D:6      | Noticed a water moccasin
  3259 | D:6      | Killed a water moccasin
  3274 | D:5      | Entered Level 5 of the Dungeon
  3412 | D:5      | Noticed a wyvern
  3663 | D:4      | Reached XP level 7. HP: 57/57 MP: 6/6
  3736 | D:4      | Reached skill level 5 in Maces & Flails
  4193 | D:5      | Noticed Sigmund
  4196 | D:5      | Noticed Eustachio
  4417 | D:1      | Bought the +5 lochaber axe {reach-cleave, poleaxe} for 492
                  | gold pieces
  4417 | D:1      | Found the +5 lochaber axe {reach-cleave, poleaxe}
  4555 | D:5      | Killed Eustachio
  4680 | D:5      | Killed Sigmund
  4681 | D:5      | Reached skill level 10 in Axes
  4681 | D:5      | Reached XP level 8. HP: 54/64 MP: 7/7
  4742 | D:5      | Noticed Menkaure
  5585 | D:5      | Found a runed translucent door.
  5586 | D:5      | Noticed Crazy Yiuf
  5591 | D:5      | Killed Crazy Yiuf
  5651 | D:5      | Noticed paps's ghost (weakling OpDe)
  5658 | D:5      | Found a transporter.
  5662 | D:5      | Killed Menkaure
  5819 | D:5      | Found a blossoming altar of Fedhas.
  5991 | D:5      | Found a transporter.
  6242 | D:6      | Reached XP level 9. HP: 65/70 MP: 5/8
  6461 | D:6      | Noticed Grinder
  6467 | D:6      | Paralysed by Grinder for 3 turns
  6472 | D:6      | Killed Grinder
  6473 | D:6      | Reached skill level 4 in Fighting
  6775 | D:6      | Reached skill level 5 in Fighting
  6853 | D:6      | Found a glowing silver altar of Zin.
  6989 | D:7      | Found a staircase to the Ecumenical Temple.
  7008 | D:7      | Reached skill level 6 in Fighting
  7084 | D:7      | Reached skill level 7 in Fighting
  7114 | D:7      | Noticed Duvessa
  7114 | D:7      | Noticed Dowan
  7119 | D:7      | Killed Duvessa
  7121 | D:7      | Killed Dowan
  7344 | D:7      | Reached skill level 8 in Fighting
  7782 | D:7      | Reached skill level 9 in Fighting
  8399 | D:8      | Reached skill level 10 in Fighting
  8399 | D:8      | Reached XP level 10. HP: 85/93 MP: 9/9
  8527 | D:8      | Noticed a two-headed ogre
  8531 | D:8      | Killed a two-headed ogre
  8532 | D:8      | Reached skill level 11 in Fighting
  8605 | D:8      | Found a sacrificial altar of Ru.
  8805 | D:8      | Found a radiant altar of Vehumet.
  8805 | D:8      | Found a burning altar of Makhleb.
  9414 | D:9      | Was forgiven by Sif Muna
  9546 | D:9      | Noticed a two-headed ogre
  9550 | D:9      | Killed a two-headed ogre
  9551 | D:9      | Reached skill level 12 in Fighting
  9928 | D:9      | Reached skill level 13 in Fighting
 10790 | D:3      | Bought a potion of berserk rage for 55 gold pieces
 10790 | D:3      | Bought 2 potions of resistance for 220 gold pieces
 10790 | D:3      | Bought a potion of curing for 33 gold pieces
 10790 | D:3      | Bought a potion of attraction for 33 gold pieces
 10866 | D:2      | Bought a scroll of poison for 44 gold pieces
 10866 | D:2      | Bought 3 scrolls of magic mapping for 247 gold pieces
 10866 | D:2      | Bought a scroll of magic mapping for 82 gold pieces
 10866 | D:2      | Bought 3 scrolls of identify for 66 gold pieces
 10975 | D:5      | Killed paps's ghost
 11094 | D:10     | Entered Level 10 of the Dungeon
 11100 | D:10     | Reached skill level 14 in Fighting
 11193 | D:10     | Found a staircase to the Lair.
 11195 | D:10     | Noticed a two-headed ogre
 11203 | D:10     | Killed a two-headed ogre
 11204 | D:10     | Reached XP level 11. HP: 80/111 MP: 10/10
 11398 | D:10     | Noticed a two-headed ogre
 11407 | D:10     | Killed a two-headed ogre
 11408 | D:10     | Reached skill level 15 in Fighting
 12552 | D:11     | Noticed a two-headed ogre
 12556 | D:11     | Killed a two-headed ogre
 12557 | D:11     | Reached skill level 16 in Fighting
 12760 | D:11     | Noticed an obsidian statue
 12767 | D:11     | Noticed Sonja
 12773 | D:11     | Paralysed by Sonja for 5 turns
 12776 | D:11     | HP: 4/114 [poisoned by Sonja (curare-tipped dart)]
 12777 | D:11     | Succumbed to Sonja's curare-tipped dart

Illustrated notes

Levels and vault maps discovered:
D:1:      dpeg_arrival_erosion, layout_loops_corners, serial_shops,
          nicolae_shop_waterfront, shop, nicolae_shop_overgrown_old_shop,
          nicolae_shop_bloodbath_and_beyond, minmay_tromino_v4_b
D:2:      minmay_diamond_boxcup, layout_loops_corners, serial_shops,
          nicolae_shop_waterfront, basic_altar,
          shapermc_ecumenical_altar_hornbeckon, reono_crystal_passage
D:3:      layout_basic, serial_shops, nicolae_shop_behind_doors, shop,
          nicolae_diamond_shop, uniq_robin
D:4:      layout_loops_ring
D:5:      layout_rooms, fedhas_altar_decomposition, gammafunk_ghost_arena,
          minmay_misc_feat_tower, minmay_fractal_squares_diagonal_5,
          uniq_sigmund, uniq_eustachio, uniq_crazy_yiuf_cottage, uniq_menkaure
D:6:      layout_cave_pools, zin_scriptorium, uniq_grinder
D:7:      layout_basic, minmay_temple_entry_stoned_glass, serial_curves,
          eino_curves_03, eino_curves_03, eino_curves_03,
          lightli_bailey_entry_fortress, uniq_duvessa
D:8:      layout_basic, grunt_temple_overflow_lords_of_destruction,
          kennysheep_mini_moat
D:9:      layout_long_grid, moated_statue, grunt_ministairs_3
D:10:     layout_grid_maze, erik_lair_orcish_takeover
D:11:     layout_loops_cross, kennysheep_diamond, minivault_16, tgw_sif,
          uniq_sonja

Skill      XL: |  1  2  3  4  5  6  7  8  9 10 11 |
---------------+----------------------------------+-----
Axes           | 4 5 6 8 10 12 13 | 13.4
Maces & Flails | 4 6 |  6.2
Fighting       | 10 14 16 | 16.0
Armour         | 2 |  2.0
Dodging        | |  3.2
Stealth        | |  1.5

Action                   |  1- 3 |  4- 6 |  7- 9 | 10-12 || total
-------------------------+-------+-------+-------+-------++-------
Melee: Hand axe          |    67 |    21 |       |       ||    88
       Headbutt          |     8 |    11 |    19 |    13 ||    51
       Flail             |       |   105 |    48 |       ||   153
       Lochaber axe      |       |       |   205 |   152 ||   357
Throw: Throwing net      |       |       |       |     3 ||     3
  Use: Potion            |       |       |     1 |       ||     1
       Scroll            |       |       |     6 |    10 ||    16
 Stab: Sleeping          |     8 |       |       |       ||     8
       Distracted        |       |       |     1 |     2 ||     3
       Held in net/web   |       |       |       |     3 ||     3
Armor: Robe              |    10 |       |       |       ||    10
       Chain mail        |     4 |    89 |   127 |   101 ||   321
Dodge: Dodged            |    42 |    54 |    72 |    52 ||   220
